 Dungeon Crawl Stone Soup version 0.14.0-15-g6b16f67 (webtiles) character file.

540 Deemzul the Chopper (level 6, -6/56 HPs)
             Began as a Naga Fighter on Apr 18, 2014.
             Mangled by Prince Ribbit (9 damage)
             ... on Level 4 of the Dungeon.
             The game lasted 00:07:58 (3678 turns).

Deemzul the Chopper (Naga Fighter)                  Turns: 3678, Time: 00:07:59

HP  -6/56        AC  5     Str 18      XL: 6   Next: 87%
MP   7/7         EV  9     Int  9      God:
Gold 135         SH 18     Dex 17      Spells:  0 memorised,  5 levels left

rFire  + + .     SeeInvis +     a - +0 war axe
rCold  x . .     Clarity  .     b - +0 scale mail
rNeg   . . .     Conserve .     c - +0 shield
rPois  +         rCorr    .     (no helmet)
rElec  .         rRot     .     (no cloak)
SustAb . .       Spirit   .     (no gloves)
rMut   .         Warding  .     (no barding)
Saprov . . .     Stasis   .     (no amulet)
MR     .....                    j - ring of fire
                                h - ring of protection from fire

@: agile, very slow, not resistant to hostile enchantments, very unstealthy
A: spit poison, see invisible, agile 1, deformed body, fast metabolism 1, poison
resistance, slowness 2, weak 1, AC +2
a: Spit Poison


You were on level 4 of the Dungeon.
You were not hungry.

You visited 1 branch of the dungeon, and saw 4 of its levels.

You collected 135 gold pieces.

Inventory:

Hand weapons
 a - a +0,+0 war axe (weapon)
Missiles
 f - 16 poisoned needles
 m - 25 stones (quivered)
Armour
 b - a +0 scale mail (worn)
 c - a +0 shield (worn)
Magical devices
 p - a wand of magic darts (1)
 v - a wand of polymorph (10)
Comestibles
 d - 4 bread rations
 l - a choko
 s - a sausage
 t - a meat ration
Scrolls
 g - a scroll of fear
 k - 2 scrolls of noise
 o - 2 scrolls of identify
 q - 3 scrolls of teleportation
 r - a scroll of random uselessness
Jewellery
 h - a ring of protection from fire (left hand)
 j - a ring of fire (right hand)
Potions
 n - 2 potions of curing


   Skills:
 - Level 3.0 Fighting
 * Level 6.9 Axes
 - Level 2.4 Armour
 - Level 2.4 Shields
 + Level 1.4 Evocations


You had 5 spell levels left.
You didn't know any spells.

Dungeon Overview and Level Annotations

Branches:
Dungeon (4/15)
 Temple: D:4-7

Altars:
Dithmenos
Makhleb
Yredelemnul

Annotations:
D:4 Prince Ribbit


Innate Abilities, Weirdness & Mutations

You cannot wear boots.
You can spit poison.
Your serpentine skin is tough (AC +2).
You have supernaturally acute eyesight.
Armour fits poorly on your strangely shaped body.
Your system is resistant to poisons.
You cover ground very slowly.
You are agile. (Dex +2)
You have a fast metabolism.
You are weak. (Str -2)


Message History

You closely miss Prince Ribbit. Prince Ribbit hits you!
* * * LOW HITPOINT WARNING * * *
Prince Ribbit blinks!
Evoke which item? (* to show all) (? for menu, Esc to quit)
Zapping:
p - a wand of magic darts {zapped: 9}
Press: ? - help, Shift-Dir - straight line, f - Prince Ribbit
Aim: Prince Ribbit The magic dart hits Prince Ribbit.
Prince Ribbit is lightly wounded.
You miss Prince Ribbit.
Prince Ribbit is lightly wounded.
Prince Ribbit hits you.
* * * LOW HITPOINT WARNING * * *
You hit Prince Ribbit.
Prince Ribbit is lightly wounded.
Prince Ribbit hits you!
* * * LOW HITPOINT WARNING * * *
Prince Ribbit catches a mouse with his tongue.
Prince Ribbit hits you!
You die...

... .........
.........%.
#............
#.............
#.............
#..............
#....$..........
#.....@..........
#.....F..........
#................ .
#................. ..
#................. ...
#......................
#......................
#......................
#......................


You could see Prince Ribbit.

Vanquished Creatures
  The ghost of Deemzul the Chopper, an average NaFi (D:4)
  A hound (D:3)
  An orc priest (D:3)
  An orc wizard (D:3)
  A black bear skeleton (D:4)
  A worker ant (D:4)
  Ijyb (D:2)
  Jessica (D:3)
  7 adders
  A worm (D:1)
  3 giant geckos
  2 oozes (D:1)
  6 orcs (D:3)
  2 ball pythons
  A giant cockroach (D:3)
  7 hobgoblins
  9 kobolds
  A quokka (D:3)
  10 bats
  7 giant newts
  3 goblins
  11 rats
78 creatures vanquished.

Notes
Turn   | Place    | Note
--------------------------------------------------------------
     0 | D:1      | Deemzul, the Naga Fighter, began the quest for the Orb.
     0 | D:1      | Reached XP level 1. HP: 21/21 MP: 1/1
   289 | D:1      | Reached XP level 2. HP: 18/28 MP: 2/2
   840 | D:1      | Reached XP level 3. HP: 30/34 MP: 3/3
  1185 | D:2      | Found a shadowy altar of Dithmenos.
  1534 | D:2      | Reached skill level 4 in Axes
  1628 | D:2      | Reached XP level 4. HP: 34/42 MP: 4/4
  1718 | D:2      | Noticed Ijyb
  1731 | D:2      | Killed Ijyb
  2523 | D:3      | Reached skill level 5 in Axes
  2523 | D:3      | Reached XP level 5. HP: 32/49 MP: 5/5
  2575 | D:3      | Found a basalt altar of Yredelemnul.
  2651 | D:3      | Gained mutation: You are agile. (Dex +2) [potion of mutation]
  2651 | D:3      | Gained mutation: You have a fast metabolism. [potion of mutation]
  2651 | D:3      | Gained mutation: You are weak. (Str -2) [potion of mutation]
  2770 | D:3      | Noticed Jessica
  2777 | D:3      | Killed Jessica
  3066 | D:3      | Reached skill level 6 in Axes
  3154 | D:3      | Found a burning altar of Makhleb.
  3159 | D:3      | Reached XP level 6. HP: 38/56 MP: 6/6
  3449 | D:4      | Noticed Deemzul's ghost (average NaFi)
  3465 | D:4      | Killed Deemzul's ghost
  3465 | D:4      | Reached skill level 1 in Evocations
  3666 | D:4      | Noticed Prince Ribbit
  3678 | D:4      | Mangled by Prince Ribbit

Action                   |  1- 3 |  4- 6 || total
-------------------------+-------+-------++-------
Melee: War axe           |   140 |   197 ||   337
Throw: Stone             |    12 |       ||    12
Evoke: Wand              |       |     9 ||     9
  Use: Scroll            |       |     8 ||     8
       Potion            |       |     9 ||     9
